 Dungeon Crawl Stone Soup version 0.27-a0-417-g317cea8a3c (webtiles) character file.

Game seed: 15006510472477467389

8289 tsouns the Carver (level 10, -2/90 HPs)
             Began as a Demigod Delver on Feb 26, 2021.
             Slain by a yak (10 damage)
             ... on level 2 of the Lair of Beasts.
             The game lasted 00:26:00 (15153 turns).

tsouns the Carver (Demigod Delver)                 Turns: 15153, Time: 00:26:00

Health: -2/90      AC: 12    Str: 13    XL:     10   Next: 81%
Magic:  13/13      EV: 25    Int: 12    God:
Gold:   391        SH:  0    Dex: 27    Spells: 3/9 levels left

rFire    . . .     SeeInvis .   E - +0 scimitar
rCold    + . .     Faith    .   (no shield)
rNeg     . . .     Spirit   .   G - +2 leather armour {rC+}
rPois    +         Reflect  .   b - +1 helmet
rElec    .         Harm     .   K - +1 cloak
rCorr    .         Rampage  .   (no gloves)
Will     +....                  h - +2 pair of boots
Stlth    ++++......             (no amulet)
HPRegen  0.25/turn              S - +4 ring of evasion
MPRegen  0.13/turn              r - ring of poison resistance

@: about to teleport, studying Armour
A: high mp 1
a: no special abilities


You were on level 2 of the Lair of Beasts.
You visited 3 branches of the dungeon, and saw 12 of its levels.

You collected 391 gold pieces.

Inventory:

Hand Weapons
 a - a +1 falchion
 z - a +1 short sword of venom
 E - a +0 scimitar (weapon)
 P - the +5 glaive of Karma {vorpal, Dex+6}
   (You found it on level 1 of the Lair of Beasts)

   It inflicts extra damage upon your enemies.
   It affects your dexterity (+6).
Missiles
 k - 9 atropa-tipped darts (quivered)
 l - 3 boomerangs
 t - 46 bolts
 w - 18 poisoned darts
 x - 7 silver javelins
 O - 2 javelins
Armour
 b - a +1 helmet (worn)
 h - a +2 pair of boots (worn)
 G - a +2 leather armour of cold resistance (worn)
 K - a +1 cloak (worn)
 R - a +1 robe of cold resistance
Jewellery
 n - a ring of wizardry
 r - a ring of poison resistance (right hand)
 B - a ring of willpower
 C - a +6 ring of intelligence
 H - a ring of fire
 I - a ring of positive energy
 M - a ring of ice
 S - a +4 ring of evasion (left hand)
Wands
 g - a wand of digging (3)
 p - a wand of polymorph (13)
 v - a wand of random effects (32)
 L - a wand of flame (10)
 Q - a wand of iceblast (4)
Scrolls
 c - 3 scrolls of fog
 f - 4 scrolls of magic mapping
 j - 2 scrolls of noise
 q - 4 scrolls of enchant weapon
 y - 3 scrolls of amnesia
 D - 2 scrolls of teleportation
 F - a scroll of immolation
 N - 2 scrolls of identify
Potions
 d - a potion of mutation
 i - a potion of magic
 o - 2 potions of cancellation
 u - 2 potions of flight
 A - a potion of degeneration
 J - a potion of haste


   Skills:
 + Level 8.4 Fighting
 * Level 10.6 Long Blades
 + Level 8.2 Dodging
 - Level 6.2 Stealth


You had 3 spell levels left.
You knew the following spells:

 Your Spells              Type           Power        Failure   Level
a - Swiftness             Air            0%           54%         2
b - Sticky Flame          Conj/Fire      0%           99%         4

Your spell library contained the following spells:

 Spells                   Type           Power        Failure   Level
 Foxfire                  Conj/Fire      0%           38%         1
 Shock                    Conj/Air       0%           38%         1
 Conjure Flame            Conj/Fire      0%           77%         3
 Inner Flame              Hex/Fire       0%           77%         3
 Static Discharge         Conj/Air       0%           77%         3
 Airstrike                Air            0%           99%         4
 Fireball                 Conj/Fire      0%           100%        5
 Lightning Bolt           Conj/Air       0%           100%        5


Dungeon Overview and Level Annotations

Branches:
Dungeon (9/15)             Temple (1/1) D:5            Lair (2/6) D:8
  Swamp: Lair:2-4    Shoals: Lair:2-4     Snake: Lair:2-4    Spider: Lair:2-4
    Orc: D:9-12

Annotations:
D:7 2 transporters, MartinH's ghost, novice GnTm
Lair:1 1 runed translucent door, prdct's ghost, journeyman TrDe


Innate Abilities, Weirdness & Mutations

You have an increased reservoir of magic. (+10% MP)


Message History

You slash the yak!
The yak is severely wounded.
The yak gores you but does no damage. x2; The yak gores you!
* * * LOW HITPOINT WARNING * * *
You hit the yak but do no damage.
The yak is severely wounded.
The yak gores you.
* * * LOW HITPOINT WARNING * * *
The yak gores you but does no damage.
Your magical effects are unravelling.
You feel magically purged.
You feel less wooden.
Your +1 cloak unmelds from your body.
Your +1 helmet unmelds from your body.
Your +2 pair of boots unmelds from your body.
Your +2 leather armour of cold resistance unmelds from your body.
You feel resistant to cold. The yak completely misses you.
You riposte.
You hit the yak.
The yak is lightly wounded.
The yak gores you!
* * * LOW HITPOINT WARNING * * *
The yak completely misses you.
You riposte.
You hit the yak.
The yak is lightly wounded.
Unknown command.
As you read the scroll of teleportation, it crumbles to dust.
You feel strangely unstable. The yak gores you but does no damage.
The yak misses you. The yak closely misses you. The yak completely misses you.
You feel better.
The yak completely misses you. x2; The yak misses you.
The yak gores you but does no damage.
Okay, then.
You barely miss the yak.
The yak is severely wounded.
The yak completely misses you. x2; You riposte.
You hit the yak.
The yak is severely wounded.
The yak closely misses you.
You hit the yak.
The yak is almost dead.
The yak gores you but does no damage. The yak gores you!
* * * LOW HITPOINT WARNING * * *
The yak gores you!
You die...

.....................
.....................
####...........##....
......รท.....#.###....
.#........##### ##...
...#.....## P...
...####Y....## ....
......YYY....## #...
......#@##....##### #...
......#Y###P...##.# #...
..## #.Y# ###....####.#.
. ..... ##.....###..
.....### #.....##...
......# ###...###..
...... #....#...
......############......
...Y..........#.#.....(.


You could see 6 yaks.

Vanquished Creatures
  Fannar (Lair:1)
  6 cane toads
  Grinder (D:6)
  A hornet (D:8)
  2 fire bats (Lair:1)
  8 yaks
  A wyvern (Lair:2)
  A fire elemental (Lair:1)
  2 wargs (D:8)
  3 water moccasins
  An ice beast (D:6)
  2 sky beasts
  An orc warrior (D:8)
  An ogre (D:4)
  4 centaurs
  A phantom (D:5)
  9 bullfrogs
  3 scorpions
  5 wights (D:8)
  2 howler monkeys
  2 electric eels
  A centaur zombie (D:8)
  A lava snake (Lair:1)
  A bullfrog zombie (D:5)
  5 orc priests
  2 centaur skeletons
  2 jellies (D:8)
  6 hounds
  A bullfrog skeleton (D:8)
  3 iguanas
  Natasha (twice) (D:3)
  5 orc wizards
  3 worker ants (D:4)
  Terence (D:3)
  A hound skeleton (D:5)
  Robin (D:3)
  11 adders
  4 gnolls (D:5)
  A river rat (Lair:1)
  2 shadow imps
  2 white imps
  4 ufetubi
  An adder zombie (D:3)
  4 worms
  3 dart slugs
  32 orcs
  2 bats (D:3)
  3 giant cockroaches
  6 goblins
  9 hobgoblins
  2 jackals (D:6)
  5 quokkas
  5 frilled lizards
  2 jackal skeletons
  4 kobolds
  7 rats
201 creatures vanquished.

Vanquished Creatures (others)
  A fire vortex (Lair:1)
  6 fungi
  19 plants
26 creatures vanquished.

Grand Total: 227 creatures vanquished

Notes
Turn   | Place    | Note
-------+----------+-------------------------------------------
     0 | D:5      | tsouns the Demigod Delver began the quest for the Orb.
     0 | D:5      | Reached XP level 1. HP: 18/18 MP: 3/3
    20 | Temple   | Entered the Ecumenical Temple
    77 | D:5      | Reached skill level 2 in Long Blades
    77 | D:5      | Reached XP level 2. HP: 12/25 MP: 4/4
   653 | D:2      | Found a faded altar of an unknown god.
   803 | D:1      | Reached XP level 3. HP: 31/31 MP: 5/5
  2441 | D:3      | Noticed Terence
  2466 | D:3      | Killed Terence
  2467 | D:3      | Reached skill level 5 in Stealth
  2467 | D:3      | Reached XP level 4. HP: 10/38 MP: 6/6
  3214 | D:3      | Reached XP level 5. HP: 45/45 MP: 7/7
  3304 | D:3      | Reached skill level 3 in Long Blades
  3517 | D:3      | Noticed Robin
  3543 | D:3      | Killed Robin
  4021 | D:3      | Noticed Natasha
  4030 | D:3      | Killed Natasha
  4266 | D:3      | Noticed Natasha
  4284 | D:3      | Killed Natasha
  4285 | D:3      | Reached XP level 6. HP: 19/52 MP: 8/8
  5723 | D:4      | Reached XP level 7. HP: 29/60 MP: 9/9
  5892 | D:4      | Reached skill level 4 in Long Blades
  5907 | D:5      | Learned a level 2 spell: Swiftness
  5988 | D:5      | Found a sacrificial altar of Ru.
  6402 | D:5      | Found a hide-covered altar of Uskayaw.
  7171 | D:6      | Noticed Grinder
  7426 | D:6      | Reached skill level 5 in Fighting
  7552 | D:6      | Killed Grinder
  7553 | D:6      | Reached skill level 5 in Long Blades
  7553 | D:6      | Reached XP level 8. HP: 60/68 MP: 10/10
  7574 | D:6      | Reached skill level 5 in Dodging
  7900 | D:6      | Reached skill level 6 in Long Blades
  8228 | D:6      | Found a sparkling altar of Nemelex Xobeh.
  8626 | D:7      | Learned a level 4 spell: Sticky Flame
  8640 | D:7      | Found a transporter.
  8646 | D:7      | Noticed MartinH's ghost (novice GnTm)
  8651 | D:7      | Found a transporter.
  8653 | D:7      | Identified the +7 great mace of Rubbish {pain, rF++ rC+}
  8653 | D:7      | Identified the +4 dire flail of Ceesm {vorpal, *Drain
                  | Dex+9}
  8653 | D:7      | Noticed a two-headed ogre
  8710 | D:7      | Found a shimmering altar of Xom.
  8710 | D:7      | Found a shimmering altar of Xom.
  8710 | D:7      | Found a shimmering altar of Xom.
  8710 | D:7      | Found a shimmering altar of Xom.
  8868 | D:7      | Found a shimmering altar of Xom.
  9219 | D:8      | Found an iron altar of Okawaru.
  9424 | D:8      | Reached skill level 7 in Long Blades
  9667 | D:8      | Reached XP level 9. HP: 75/75 MP: 11/11
 10076 | D:8      | Found a staircase to the Lair.
 10485 | D:8      | Found an ancient bone altar of Kikubaaqudgha.
 10486 | D:8      | Found a burning altar of Makhleb.
 10500 | D:8      | Reached skill level 8 in Long Blades
 11487 | D:9      | Found a shimmering altar of Xom.
 11552 | D:9      | Noticed a cyan ugly thing
 11871 | Lair:1   | Entered Level 1 of the Lair of Beasts
 11873 | Lair:1   | Identified a crystal glaive
 11909 | Lair:1   | Noticed a cane toad
 11920 | Lair:1   | Killed a cane toad
 12278 | Lair:1   | Noticed a cane toad
 12301 | Lair:1   | HP: 3/79 [cane toad (18)]
 12303 | Lair:1   | Killed a cane toad
 12304 | Lair:1   | Reached skill level 9 in Long Blades
 12738 | Lair:1   | Found a hazy altar of Hepliaklqana.
 12931 | Lair:1   | Noticed Fannar
 12956 | Lair:1   | Killed Fannar
 12957 | Lair:1   | Reached XP level 10. HP: 33/86 MP: 13/13
 12970 | Lair:1   | Identified a scroll of acquirement
 12970 | Lair:1   | Acquired a manual of Armour
 13216 | Lair:1   | Found a runed translucent door.
 13216 | Lair:1   | Noticed prdct's ghost (journeyman TrDe)
 13276 | Lair:1   | Noticed Joseph
 13288 | Lair:1   | Noticed Joseph
 13288 | Lair:1   | Joseph changed into Joseph the river rat
 13321 | Lair:1   | Killed Joseph the river rat
 13901 | Lair:1   | Reached skill level 10 in Long Blades
 15153 | Lair:2   | Slain by a yak

Illustrated notes

Levels and vault maps discovered:
D:1:      dpeg_arrival_arbitrary_a, layout_basic, minivault_14,
          minmay_tiny_reverse_x
D:2:      layout_basic, chequers_ecumenical_altar_island
D:3:      layout_basic, uniq_natasha, uniq_terence, uniq_robin
D:4:      layout_cave_pods, bh_walls_and_bars
D:5:      layout_basic, lemuel_coloured_pillars_altar,
          minmay_temple_entry_junction, amcnicky_altar_gilded
D:6:      layout_rooms, nemelex_altar_shiori, uniq_grinder
D:7:      layout_rooms, gammafunk_ghost_smash, xom_redecorated
D:8:      layout_loops_ring, chequers_temple_overflow_statue_of_worship,
          okawaru_ov_weapons_minmay, erik_lair_orcish_takeover, kennysheep_dice
D:9:      layout_basic, overflow_temple_1_default
Temple:   lightli_temple_of_artemis
Lair:1:   layout_gridlike, hellmonk_ghost_happy_afterlife, basic_altar,
          serial_bayou_ford_a, hangedman_lair_unloving_vines, uniq_fannar,
          uniq_joseph
Lair:2:   layout_hall_layers, minivault_27, grunt_megastairs_1

Skill      XL: |  1  2  3  4  5  6  7  8  9 10 |
---------------+-------------------------------+-----
Long Blades    | 2 3 5 7 9 10 | 10.6
Dodging        | 2 3 4 5 7 8 |  8.2
Fighting       | 3 4 5 6 7 8 |  8.4
Stealth        | 5 6 |  6.2

Action                   |  1- 3 |  4- 6 |  7- 9 | 10-12 || total
-------------------------+-------+-------+-------+-------++-------
Melee: Falchion          |   119 |   299 |    92 |       ||   510
       Scimitar          |       |       |   399 |   170 ||   569
Throw: Dart              |     4 |     4 |     2 |     2 ||    12
       Javelin           |       |     1 |     1 |       ||     2
Evoke: Wand              |       |       |    21 |     2 ||    23
  Use: Scroll            |     1 |     8 |     9 |     4 ||    22
       Potion            |       |     3 |     5 |     5 ||    13
 Stab: Sleeping          |     8 |     1 |     6 |     2 ||    17
       Invisible         |     3 |       |       |       ||     3
       Paralysed         |       |       |    26 |       ||    26
       Distracted        |       |       |     2 |     1 ||     3
Armor: Leather armour    |    15 |       |    89 |    10 ||   114
       Scale mail        |       |   124 |    70 |       ||   194
       Skin              |       |       |    33 |    44 ||    77
       Robe              |       |       |       |     6 ||     6
Dodge: Dodged            |    60 |   170 |   342 |   112 ||   684
       Rpst.: Falchion   |    15 |    60 |    25 |       ||   100
       Scimitar          |       |       |    85 |    37 ||   122

Table legend: (Time is in decaauts)
 A = Elapsed time spent in this place.
 B = Non-inter-level travel time spent in this place.
 C = Inter-level travel time spent in this place.
 D = Time resting spent in this place.
 E = Time spent auto-exploring this place.
 F = Levels seen in this place.
 G = Mean time per level.
                   A        B        C        D        E       F      G
               +--------+--------+--------+--------+--------+-----+--------+
         Total |  15202 |  14782 |    420 |    159 |  11923 |  12 | 1266.8 |
       Dungeon |  11897 |  11477 |    420 |    159 |   9183 |   9 | 1321.9 |
        Temple |     39 |     39 |      0 |      0 |      0 |   1 |   39.0 |
          Lair |   3265 |   3265 |      0 |      0 |   2740 |   2 | 1632.5 |
               +--------+--------+--------+--------+--------+-----+--------+

Top non-repeatable levels by time:
  Lair:1: 2532 daAuts
     D:8: 2492 daAuts
     D:5: 2008 daAuts
     D:2: 1879 daAuts
     D:3: 1668 daAuts
     D:4: 1356 daAuts
     D:1: 789 daAuts
     D:7: 786 daAuts
     D:6: 745 daAuts
  Lair:2: 733 daAuts
     D:9: 170 daAuts
  Temple: 39 daAuts
